AoeStats
← Santi Povs

Arena

507769330Analyzed
4v4 RM · 13d ago on Sep 19, 2026· 60m 33s· 8 players
Game mode
Random Map
Map size
Large (8 player)
Population
200
Speed
Normal
Resources
Standard
Victory
Conquest
Starting age
Dark Age
Ending age
Imperial Age
RankedLock teamsTeams togetherTeam positionsShared explorationLock speedFull tech treeHidden civsTurbo modeCheats
Victory
Defeat
🇹🇷 Maya · Türkiye
927
+17
🇬🇧 Turks · United Kingdom
919
+18
🇪🇸 Teutons · Spain
915
+18
🇺🇸 Franks · United States
911
+18
🇨🇴 Celts · Colombia
994
-19
🇨🇴 Spanish · Colombia
958
-18
🇩🇪 Portuguese · Germany
942
-17
🇨🇴 Khmer · Colombia
939
-17
Kolelux
6:06 Loom
11:02 Feudal Age
12:32 Wheelbarrow
16:35 Castle Age
14:33 Stone Mining
16:46 Double-Bit Axe
18:16 Gold Mining
27:00 Horse Collar
32:57 Imperial Age
31:47 Bow Saw
revientamuros
0:36 Loom
12:18 Feudal Age
13:25 Town Watch
13:29 Double-Bit Axe
15:20 Wheelbarrow
18:49 Castle Age
17:35 Stone Mining
17:35 Gold Mining
19:45 Horse Collar
20:46 Bow Saw
20:41 Heavy Plow
21:25 Stone Shaft Mining
22:00 Squires
26:38 Scale Mail Armor
26:56 Forging
28:03 Chain Mail Armor
27:32 Pikeman
30:33 Hand Cart
33:46 Imperial Age
32:06 Fletching
35:26 Conscription
34:37 Capped Ram
36:00 Iron Casting
35:56 Plate Mail Armor
35:41 Elite Teutonic Knight
36:46 Conscription
38:41 Blast Furnace
40:11 Bodkin Arrow
41:57 Ballistics
42:38 Chemistry
41:48 Masonry
44:37 Crenellations
46:20 Scale Barding Armor
46:24 Siege Engineers
47:35 Hoardings
47:37 Chain Barding Armor
46:57 Cavalier
47:48 Bloodlines
47:12 Halberdier
48:58 Ironclad
49:00 Caravan
49:11 Guilds
49:38 Paladin
54:03 Plate Barding Armor
53:54 Arson
54:48 Padded Archer Armor
Lestat
0:34 Loom
11:34 Feudal Age
13:16 Double-Bit Axe
15:29 Wheelbarrow
17:14 Castle Age
15:41 Gold Mining
16:23 Stone Mining
17:46 Forging
17:39 Fletching
18:38 Padded Archer Armor
18:41 Scale Mail Armor
20:57 Horse Collar
26:00 Leather Archer Armor
25:48 Elite Skirmisher
26:12 Crossbowman
27:47 Eagle Warrior
33:49 Bodkin Arrow
34:57 Hul'che Javelineers
35:25 Hand Cart
36:25 Squires
35:47 Pikeman
39:28 Chain Mail Armor
39:48 Iron Casting
40:26 Thumb Ring
46:09 Imperial Age
43:26 Town Watch
43:57 Bow Saw
45:24 Stone Shaft Mining
44:33 Treadmill Crane
44:44 Heated Shot
45:17 Ballistics
45:10 Masonry
45:49 Hul'che Javelineers
46:07 Town Watch
47:24 Conscription
47:39 Plate Mail Armor
47:11 Bracer
48:20 Chemistry
48:40 Two-Man Saw
48:28 Ring Archer Armor
48:30 Heavy Plow
49:16 Plate Mail Armor
48:27 Halberdier
50:46 Blast Furnace
50:31 Caravan
51:18 Elite Eagle Warrior
51:43 Arson
54:27 Town Patrol
58:37 Arbalester
tommy bobbins
5:56 Loom
9:59 Feudal Age
11:19 Double-Bit Axe
13:32 Scale Barding Armor
18:42 Castle Age
18:34 Gold Mining
18:34 Stone Mining
20:26 Wheelbarrow
20:44 Husbandry
21:39 Bow Saw
21:57 Forging
24:34 Chain Barding Armor
Guppy
11:38 Feudal Age
12:42 Double-Bit Axe
12:39 Horse Collar
14:34 Loom
15:36 Wheelbarrow
14:58 Loom
15:48 Wheelbarrow
18:58 Castle Age
17:15 Stone Mining
17:19 Gold Mining
21:00 Bow Saw
20:51 Heavy Plow
21:48 Stone Shaft Mining
24:37 Pikeman
25:47 Forging
25:38 Scale Mail Armor
25:28 Treadmill Crane
26:37 Ballistics
33:34 Imperial Age
30:52 Town Watch
31:25 Hand Cart
31:32 Caravan
32:08 Circumnavigation
32:33 Chain Mail Armor
32:53 Iron Casting
32:11 Fletching
32:35 Masonry
33:53 Arson
34:26 Fortified Wall
35:18 Chemistry
34:29 Fortified Wall
34:25 Siege Engineers
34:36 Fortified Wall
34:57 Architecture
35:07 Conscription
35:45 Plate Mail Armor
36:15 Blast Furnace
35:11 Bodkin Arrow
36:21 Arquebus
37:13 Elite Organ Gun
NickyCash
11:01 Feudal Age
9:16 Loom
15:02 Castle Age
13:02 Horse Collar
13:48 Double-Bit Axe
14:22 Stone Mining
26:09 Husbandry
26:40 Gold Mining
27:20 Bloodlines
31:20 Wheelbarrow
30:32 Town Watch
30:56 Scale Barding Armor
31:02 Forging
33:38 Tusk Swords
36:32 Gold Shaft Mining
36:34 Stone Shaft Mining
36:17 Hand Cart
36:04 Town Patrol
36:16 Bow Saw
36:09 Heavy Plow
41:41 Imperial Age
39:33 Chain Barding Armor
40:40 Iron Casting
43:12 Conscription
42:54 Double Crossbow
Santi Povs
10:32 Feudal Age
14:08 Castle Age
12:27 Double-Bit Axe
13:07 Horse Collar
15:18 Bow Saw
21:03 Loom
24:03 Wheelbarrow
23:55 Scale Barding Armor
24:02 Forging
24:11 Town Watch
26:29 Iron Casting
26:16 Chain Barding Armor
26:06 Husbandry
29:52 Hand Cart
30:44 Gold Mining
35:40 Imperial Age
41:12 Imperial Age
41:47 Heavy Scorpion
42:58 Onager
44:06 Heavy Plow
44:21 Furor Celtica
45:52 Chemistry
44:58 Siege Engineers
45:12 Siege Onager
45:36 Pikeman
47:03 Halberdier
48:06 Scale Mail Armor
49:06 Blast Furnace
49:25 Man-at-Arms
49:50 Gambesons
52:57 Murder Holes
53:14 Fortified Wall
59:11 Long Swordsman
60:18 Two-Handed Swordsman
El Ogro
11:46 Feudal Age
15:31 Castle Age
13:49 Loom
30:00 Imperial Age
Connection lost

Rejoining the realm…

Still unreachable

The connection could not be restored.

Session expired

The server has moved on; the page needs a fresh start.